 Dungeon Crawl Stone Soup version 0.29-a0-284-gf9362112df (webtiles) character file.

Game seed: 3183000193121244683

25 sizableburger the Slasher (level 2, -1/18 HPs)
             Began as a Deep Elf Berserker on Mar 24, 2022.
             Was a Follower of Trog.
             Slain by a quokka (2 damage)
             ... on level 1 of the Dungeon.
             The game lasted 00:01:04 (568 turns).

sizableburger the Slasher (Deep Elf Berserker)       Turns: 568, Time: 00:01:05

Health: -1/18      AC:  3    Str: 14    XL:     2   Next: 86%
Magic:  4/4        EV: 12    Int: 11    God:    Trog [*.....]
Gold:   32         SH:  0    Dex: 14    Spells: 1/1 levels left

rFire   . . .      SeeInvis .   a - +0 falchion
rCold   . . .      Faith    .   (no shield)
rNeg    . . .      Spirit   .   f - +0 leather armour
rPois   .          Reflect  .   (no helmet)
rElec   .          Harm     .   (no cloak)
rCorr   .          Rampage  .   (no gloves)
Will    .....                   (no boots)
Stlth   +.........              (no amulet)
HPRegen 0.06/turn               (no ring)
MPRegen 0.09/turn               (no ring)

@: no status effects
A: no striking features
a: Renounce Religion, Berserk


You were on level 1 of the Dungeon.
You worshipped Trog.
Trog was aware of your devotion.
You visited 1 branch of the dungeon, and saw 1 of its levels.

You collected 32 gold pieces.

Inventory:

Hand Weapons
 a - a +0 falchion (weapon)
Armour
 f - a +0 leather armour (worn)
Scrolls
 b - a scroll of fear {unknown}
 d - a scroll of vulnerability {unknown}
Potions
 c - a potion of heal wounds {unknown}
 e - a potion of ambrosia {unknown}
 g - a potion of haste {unknown}


   Skills:
 + Level 2.9 Fighting
 + Level 3.2 Long Blades
 - Level 1.5 Armour
 - Level 2.4 Dodging


You had one spell level left.
You didn't know any spells.
Your spell library was empty.

Dungeon Overview and Level Annotations

Branches:
Dungeon (1/15)

Altars:


Message History

The quokka bites you. The quokka barely misses you.
You closely miss the quokka. The quokka bites you.
You are too injured to fight recklessly!
You are too injured to fight recklessly!
You are too injured to fight recklessly!
You completely miss the quokka. The quokka barely misses you.
You closely miss the quokka. The quokka barely misses you.
The quokka closely misses you.
You barely miss the quokka. The quokka barely misses you.
You hit the quokka.
The quokka is severely wounded.
The quokka misses you. The quokka closely misses you.
You closely miss the quokka.
The quokka is severely wounded.
The quokka bites you.
You miss the quokka.
The quokka is severely wounded.
The quokka barely misses you.
You miss the quokka.
The quokka is severely wounded.
The quokka barely misses you. The quokka bites you.
You closely miss the quokka.
The quokka is severely wounded.
The quokka closely misses you.
You barely miss the quokka.
The quokka is heavily wounded.
The quokka bites you.
* * * LOW HITPOINT WARNING * * *
You miss the quokka.
The quokka is heavily wounded.
The quokka closely misses you.
You fail to use your ability.
The quokka misses you. The quokka bites you.
* * * LOW HITPOINT WARNING * * *
You completely miss the quokka.
The quokka is heavily wounded.
The quokka closely misses you.
You closely miss the quokka.
The quokka is heavily wounded.
The quokka bites you.
You die...

##.###.. .. #...... #.# # #####..
#.# .# # ...#.. #.#..###.###.#..
#.#..#......†... #....#.#.....#..
#..######.#.##.#####.#..
......r@..#.##.#####.#..
.########.#..^.......... # ≈≈≈
≈≈≈≈≈≈≈≈≈≈##....##.##. . .≈..
.....(8..≈##...>##.##. #
#≈.##############.≈##..#.##.... #
#≈8#≈≈≈≈≈#.§≈.#.#8≈##..#.##.##. #
#≈.#≈...≈#.§§.#.#.≈##.......... #
#≈.#≈.#.≈#.≈≈.#.#.≈###.#)##.###
###≈8#≈.#.≈#.≈≈.#.#.≈....#.##.###


You could see a quokka.

Vanquished Creatures
  A gnoll (D:1)
  2 bats (D:1)
  A giant cockroach (D:1)
  A goblin (D:1)
  13 frilled lizards (D:1)
  A kobold (D:1)
  A rat (D:1)
20 creatures vanquished.

Vanquished Creatures (others)
  3 plants (D:1)
3 creatures vanquished.

Grand Total: 23 creatures vanquished

Notes
Turn   | Place    | Note
-------+----------+-------------------------------------------
     0 | D:1      | sizableburger the Deep Elf Berserker began the quest for
                  | the Orb.
     0 | D:1      | Reached XP level 1. HP: 13/13 MP: 3/3
   219 | D:1      | Reached skill level 3 in Long Blades
   219 | D:1      | Reached XP level 2. HP: 18/18 MP: 4/4
   568 | D:1      | Slain by a quokka

Illustrated notes

Levels and vault maps discovered:
D:1:      lightli_arrival_isolated_outpost, layout_loops_ring,
          minmay_lizard_king

Skill      XL: |  1 |
---------------+----+-----
Long Blades    | 3 |  3.2
Fighting       | |  2.9
Armour         | |  1.5
Dodging        | |  2.4

Action                   || total
-------------------------++-------
Melee: Falchion          ||    68
       Punch             ||     1
Invok: Berserk           ||     1
Armor: Leather armour    ||    11
       Animal skin       ||     1
Dodge: Dodged            ||    52

Table legend: (Time is in decaauts)
 A = Elapsed time spent in this place.
 B = Non-inter-level travel time spent in this place.
 C = Inter-level travel time spent in this place.
 D = Time resting spent in this place.
 E = Time spent auto-exploring this place.
 F = Levels seen in this place.
 G = Mean time per level.
                   A        B        C        D        E       F      G
               +--------+--------+--------+--------+--------+-----+--------+
         Total |    593 |    593 |      0 |     72 |    371 |   1 |  593.0 |
       Dungeon |    593 |    593 |      0 |     72 |    371 |   1 |  593.0 |
               +--------+--------+--------+--------+--------+-----+--------+

Top non-repeatable levels by time:
     D:1: 593 daAuts
